 Dungeon Crawl Stone Soup version 0.29.1-12-g30fa7ad0bf (webtiles) character file.

Game seed: 7395153019018735164

109 Gartch the Sneak (level 5, -4/30 HPs)
             Began as a Kobold Brigand on Dec 13, 2022.
             Slain by a gnoll
             ... wielding a +0 club
              (7 damage)
             ... on level 2 of the Dungeon.
             The game lasted 00:31:53 (4412 turns).

Gartch the Sneak (Kobold Brigand)                   Turns: 4412, Time: 00:31:53

Health: -4/30      AC:  3    Str:  8    XL:     5   Next: 13%
Magic:  5/5        EV: 14    Int: 13    God:
Gold:   82         SH:  0    Dex: 18    Spells: 4/4 levels left

rFire   . . .      SeeInvis .   a - +2 dagger
rCold   . . .      Faith    .   (no shield)
rNeg    . . .      Spirit   .   b - +0 robe
rPois   .          Reflect  .   (no helmet)
rElec   .          Harm     .   c - +0 cloak
rCorr   .          Rampage  .   (no gloves)
Will    .....                   (no boots)
Stlth   +++++.....              (no amulet)
HPRegen 0.10/turn               (no ring)
MPRegen 0.09/turn               (no ring)

@: no status effects
A: small, no large weapons, nightstalker 3
a: no special abilities


You were on level 2 of the Dungeon.
You visited 1 branch of the dungeon, and saw 3 of its levels.

You collected 130 gold pieces.
You spent 48 gold pieces at shops.

Inventory:

Hand Weapons
 a - a +2 dagger (weapon)
 l - a +0 rapier
 m - a +0 arbalest
Missiles
 d - 9 poisoned darts (quivered)
 e - 3 curare-tipped darts
Armour
 b - a +0 robe (worn)
 c - a +0 cloak (worn)
Jewellery
 i - an amulet of faith
Scrolls
 n - 3 scrolls of teleportation
Potions
 f - 3 potions of brilliance
 h - a potion of attraction
 j - a potion of lignification {unknown}
 k - 3 potions of flight
 p - a potion of might {unknown}
 q - a potion of resistance {unknown}


   Skills:
 - Level 2.1 Fighting
 - Level 5.0 Short Blades
 - Level 2.1 Throwing
 - Level 1.2 Dodging
 + Level 7.0 Stealth


You had 4 spell levels left.
You didn't know any spells.
Your spell library was empty.

Dungeon Overview and Level Annotations

Branches:
Dungeon (3/15)

Altars:
Hepliaklqana
Okawaru

Shops:
D:1 ?

Annotations:
D:1 scroll shop
D:2 exclusion: adder, Jessica
D:3 2 transporters, Robin; raph's ghost, weakling FeSu


Innate Abilities, Weirdness & Mutations

You are small and have problems with some larger weapons.
You are completely attuned to the shadows.


Message History

A gnoll comes into view. It is wielding a +0 spear.
The gnoll moves out of view.
The gnoll shouts! x3
The gnoll attacks as you move away! The gnoll closely misses you.
The gnoll attacks as you move away! The gnoll hits you with a +0 club.
The gnoll attacks as you move away! The gnoll closely misses you.
The gnoll attacks as you move away! The gnoll closely misses you.
The gnoll attacks as you move away! The gnoll hits you with a +0 club.
The gnoll attacks as you move away! The gnoll closely misses you.
The gnoll attacks as you move away! The gnoll hits you but does no damage.
The gnoll attacks as you move away! The gnoll misses you.
The gnoll attacks as you move away! The gnoll closely misses you.
There is a stone staircase leading up here.
The gnoll hits you with a +0 club.
You climb upwards.
Level annotation: exclusion: adder, Jessica
There is a stone staircase leading down here.
The gnoll attacks as you move away! The gnoll closely misses you.
The gnoll attacks as you move away! The gnoll closely misses you.
The gnoll attacks as you move away! The gnoll closely misses you.
The gnoll attacks as you move away! The gnoll barely misses you.
There is a stone staircase leading up here.
The gnoll attacks as you move away! The gnoll hits you with a +0 club.
The gnoll attacks as you move away! The gnoll misses you.
The gnoll attacks as you move away! The gnoll closely misses you.
You see here a +0 robe.
The gnoll attacks as you move away! The gnoll hits you with a +0 club.
Press: ? - help, v - describe, . - travel
Here: a gnoll, wielding a +0 club The floor.
The gnoll attacks as you move away! The gnoll misses you.
The gnoll attacks as you move away! The gnoll hits you with a +0 club.
* * * LOW HITPOINT WARNING * * *
The gnoll attacks as you move away! The gnoll hits you with a +0 club.
* * * LOW HITPOINT WARNING * * *
There is a stone staircase leading up here.
The gnoll attacks as you move away! The gnoll misses you.
The gnoll attacks as you move away! The gnoll closely misses you.
The gnoll attacks as you move away! The gnoll hits you with a +0 club!
You die...

#...### #.# #...# #
#.#...# ###.#
#...#### #.###.#
##..>## #..).... #)#
#.## ##..#[.#
#..)#### ..# #..#
#..###.# #...#
..####.# #.## #.#
###.## )..###.# #.#
#.# #(.#
†...##.####.# #.#
##.#
............####@#
#.#
.#.....###...<.#g####
#.#
######.###..##......#
#.# # #
#..#..#####.##.#
#.### #
#........##.##.###
#.##. #
#..#<###.##.##...##
###..#. #
##...###.......#..##
#...... #
##...#####..#.....#
#.##### ## #.#..##
##@###...###.#


You could see a gnoll.

Vanquished Creatures
  4 adders
  A worm (D:2)
  3 orcs (D:3)
  6 bats
  6 endoplasms
  5 giant cockroaches
  8 goblins
  5 hobgoblins
  2 jackals (D:1)
  3 quokkas
  4 ball pythons
  A frilled lizard (D:3)
  6 kobolds
  7 rats
61 creatures vanquished.

Notes
Turn   | Place    | Note
-------+----------+-------------------------------------------
     0 | D:1      | Gartch the Kobold Brigand began the quest for the Orb.
     0 | D:1      | Reached XP level 1. HP: 12/12 MP: 1/1
   251 | D:1      | Found Gurov's Magic Scroll Shoppe.
   315 | D:1      | Reached XP level 2. HP: 17/17 MP: 2/2
   429 | D:1      | Found a faded altar of an unknown god.
  1491 | D:2      | Reached XP level 3. HP: 21/21 MP: 3/3
  1719 | D:2      | Noticed Jessica
  1776 | D:1      | Bought a scroll of fear for 48 gold pieces
  2048 | D:2      | Reached skill level 5 in Short Blades
  2409 | D:1      | Reached XP level 4. HP: 26/26 MP: 4/4
  2768 | D:2      | Reached skill level 6 in Stealth
  2965 | D:3      | Noticed Robin
  3349 | D:3      | Found a transporter.
  3373 | D:3      | Noticed a scorpion
  3482 | D:3      | Found a transporter.
  3482 | D:3      | Noticed raph's ghost (weakling FeSu)
  3623 | D:3      | Found an iron altar of Okawaru.
  3623 | D:3      | Found a hazy altar of Hepliaklqana.
  3978 | D:3      | Reached XP level 5. HP: 27/30 MP: 5/5
  4224 | D:3      | Reached skill level 7 in Stealth
  4412 | D:2      | Slain by a gnoll

Illustrated notes

Levels and vault maps discovered:
D:1:      roderic_lyre, layout_rooms, ebering_ecumenical_altar_hall,
          serial_shops, nicolae_shop_temple_entry_statues_fountains,
          serial_rivers, chequers_serial_rivers_small_a,
          chequers_serial_rivers_small_3, chequers_serial_rivers_micro_b,
          chequers_serial_rivers_small_3, chequers_serial_rivers_room_a,
          chequers_serial_rivers_small_3
D:2:      layout_rooms, minmay_fractal_squares_5, uniq_jessica
D:3:      layout_basic, minitemple, gammafunk_ghost_arena,
          hangedman_decor_clover_reticule, uniq_robin

Skill      XL: |  1  2  3  4  5 |
---------------+----------------+-----
Short Blades   | 3 4 5 |  5.0
Stealth        | 6 7 |  7.0
Fighting       | |  2.1
Throwing       | |  2.1
Dodging        | |  1.2

Action                   |  1- 3 |  4- 6 || total
-------------------------+-------+-------++-------
Melee: Dagger            |    52 |   125 ||   177
       Punch             |       |     3 ||     3
  Use: Scroll            |     3 |     4 ||     7
       Potion            |     1 |       ||     1
 Stab: Sleeping          |    15 |     7 ||    22
       Distracted        |     1 |       ||     1
Armor: Robe              |     7 |    23 ||    30
Dodge: Dodged            |    36 |   104 ||   140
